 Dungeon Crawl Stone Soup version 0.23.2-33-g5129a83184 (webtiles) character file.

Game seed: 16105383333520816158

117 Meegle the Firebug (level 4, 0/24 HPs)
             Began as a Deep Elf Fire Elementalist on July 19, 2019.
             Slain by a hobgoblin
             ... wielding a +0 club
              (3 damage)
             ... on level 3 of the Dungeon.
             The game lasted 00:05:20 (2852 turns).

Meegle the Firebug (Deep Elf Fire Elementalist)     Turns: 2852, Time: 00:05:23

Health: 0/24       AC:  2    Str:  5    XL:     4   Next: 71%
Magic:  1/12       EV: 13    Int: 21    God:
Gold:   125        SH:  0    Dex: 15    Spells: 5/11 levels left

rFire    . . .     SeeInvis .   (no weapon)
rCold    . . .     Gourm    .   (no shield)
rNeg     . . .     Faith    .   a - +0 robe
rPois    .         Spirit   .   (no helmet)
rElec    .         Reflect  .   (no cloak)
rCorr    .         Harm     .   (no gloves)
MR       .....                  (no boots)
Stlth    ++........             (no amulet)
HPRegen  0.08/turn              (no ring)
MPRegen  0.13/turn              (no ring)

@: no status effects
A: no striking features
a: no special abilities


You were on level 3 of the Dungeon.
You were hungry.

You visited 1 branch of the dungeon, and saw 3 of its levels.

You collected 125 gold pieces.

Inventory:

Armour
 a - a +0 robe (worn)
Jewellery
 h - a +3 ring of intelligence {unknown}
Wands
 q - a wand of acid (9)
Scrolls
 f - a scroll of identify {unknown}
 g - a scroll of amnesia {unknown}
 i - 2 scrolls of remove curse {unknown}
 j - a scroll of enchant armour {unknown}
 n - a scroll of teleportation {unknown}
 p - 2 scrolls of blinking {unknown}
 r - 2 scrolls of fog {unknown}
Potions
 d - a potion of curing {unknown}
 e - a potion of heal wounds {unknown}
 k - a potion of degeneration {unknown}
 l - a potion of resistance {unknown}
 m - a potion of might {unknown}
 o - a potion of berserk rage {unknown}
 s - a potion of haste {unknown}
Comestibles
 c - 6 rations


   Skills:
 + Level 0.2 Fighting
 + Level 3.0 Dodging
 + Level 2.9 Stealth
 + Level 4.2 Spellcasting
 + Level 2.0 Conjurations
 + Level 4.6 Fire Magic


You had 5 spell levels left.
You knew the following spells:

 Your Spells              Type           Power        Failure   Level  Hunger
a - Flame Tongue          Conj/Fire      ###..        3%          1    None
b - Throw Flame           Conj/Fire      ###...       4%          2    #......
c - Conjure Flame         Conj/Fire      ###.....     9%          3    ###....

Your spell library contained the following spells:

 Spells                   Type           Power        Failure   Level  Hunger
 Inner Flame              Hex/Fire       ##......     14%         3    ###....
 Sticky Flame             Conj/Fire      ###.....     30%         4    ####...
 Fireball                 Conj/Fire      ###.......   63%         5    ######.


Dungeon Overview and Level Annotations

Branches:
Dungeon (3/15)

Altars:


Message History

Confirm with . or Enter, or press ? or * to list all spells.
Aiming: Flame Tongue (safe; 3% risk of failure)
Press: ? - help, Shift-Dir - straight line, f/p - orc priest
Aim: an orc priest, wielding a +0 hand axe and wearing a +0 ring mail (severely wounded)
The flame tongue hits the orc priest but does no damage.
The orc priest is severely wounded.
Something hits you. The hobgoblin hits you with a +0 club.
* * * LOW HITPOINT WARNING * * *
Casting: Flame Tongue (safe; 3% risk of failure)
Confirm with . or Enter, or press ? or * to list all spells.
Aiming: Flame Tongue (safe; 3% risk of failure)
Press: ? - help, Shift-Dir - straight line, f/p - orc priest
Aim: an orc priest, wielding a +0 hand axe and wearing a +0 ring mail (severely wounded)
The flame tongue hits the orc priest.
The orc priest is almost dead.
Something hits you but does no damage.
The orc priest hits you with a +0 hand axe.
* * * LOW HITPOINT WARNING * * *
The hobgoblin hits you with a +0 club.
You die...

#.............#
#.##.#
#.............#
#.##.#
#.............#
#.##.#
#............##
#.##.#
#............#
#.##..
#............#
#.# ##
#............#
#..
#............#
......{@#
#####.go# #...#
#..)# #....
..... ##.....
#..... #......


You could see an orc priest and a hobgoblin.

Vanquished Creatures
  3 gnolls (D:2)
  An adder (D:2)
  An ooze (D:2)
  2 dart slugs
  3 leopard geckos (D:1)
  3 orcs (D:3)
  A giant cockroach (D:1)
  11 goblins
  5 hobgoblins
  4 jackals (D:2)
  6 kobolds
  A ball python (D:3)
  A ball python skeleton (D:2)
  6 bats
  6 frilled lizards
  12 rats
66 creatures vanquished.

Notes
Turn   | Place    | Note
-------+----------+-------------------------------------------
     0 | D:1      | Meegle the Deep Elf Fire Elementalist began the quest for
                  | the Orb.
     0 | D:1      | Reached XP level 1. HP: 10/10 MP: 6/6
   214 | D:1      | Reached XP level 2. HP: 15/15 MP: 6/8
   849 | D:1      | Reached XP level 3. HP: 19/19 MP: 7/9
  1223 | D:2      | Learned a level 2 spell: Throw Flame
  1227 | D:2      | Learned a level 3 spell: Conjure Flame
  2127 | D:2      | Reached XP level 4. HP: 24/24 MP: 8/11
  2852 | D:3      | Slain by a hobgoblin

Skill      XL: |  1  2  3  4 |
---------------+-------------+-----
Fire Magic     | 4 |  4.6
Spellcasting   | 4 |  4.2
Conjurations   | 2 |  2.0
Dodging        | 3 |  3.0
Fighting       | |  0.2
Stealth        | |  2.9

Action                   |  1- 3 |  4- 6 || total
-------------------------+-------+-------++-------
Melee: Unarmed           |     1 |       ||     1
 Cast: Flame Tongue      |    90 |    33 ||   123
       Throw Flame       |       |     6 ||     6
  Eat: Chunk             |     3 |     2 ||     5
Armor: Robe              |    20 |     2 ||    22
Dodge: Dodged            |    65 |     9 ||    74
